 Dungeon Crawl Stone Soup version 0.29.1 (webtiles) character file.

Game seed: 15929975203706741161

24658 Icepheonix32 the Warrior (level 12, -2/136 HPs)
             Began as a Minotaur Fighter on Sept 13, 2022.
             Was a High Priest of Okawaru.
             Slain by an orc warrior
             ... wielding a +0 glaive
              (18 damage)
             ... on level 1 of the Orcish Mines.
             The game lasted 00:27:06 (17058 turns).

Icepheonix32 the Warrior (Minotaur Fighter)        Turns: 17058, Time: 00:27:07

Health: -2/136     AC: 28    Str: 26    XL:     12   Next: 82%
Magic:  12/12      EV:  9    Int:  9    God:    Okawaru [*****.]
Gold:   381        SH:  0    Dex: 10    Spells: 11/11 levels left

rFire   + + .      SeeInvis +   H - +5 great sword
rCold   . . .      Faith    .   (shield currently unavailable)
rNeg    + . .      Spirit   .   R - +4 plate armour "Oji Fuepneu" {rF++}
rPois   .          Reflect  .   (helmet restricted)
rElec   +          Harm     .   s - +2 cloak
rCorr   .          Rampage  .   a - +1 pair of gloves
Will    .....      Clarity  +   (no boots)
Stlth   ..........              (no amulet)
HPRegen 0.32/turn               F - ring of positive energy
MPRegen 0.13/turn               K - ring of Wonder {rElec Int+4 SInv Stlth+}

@: about to teleport, studying Armour
A: horns 2, retaliatory headbutt, talons 1, iridescent scales 1, clarity, robust
1, noise suppression
a: Renounce Religion, Heroism, Finesse, Duel


You were on level 1 of the Orcish Mines.
You worshipped Okawaru.
Okawaru was extremely pleased with you.
You visited 2 branches of the dungeon, and saw 13 of its levels.
You also visited: Sewer.

You collected 1386 gold pieces.
You spent 1005 gold pieces at shops.

Inventory:

Hand Weapons
 C - the +10 sling "Giantbane" {freeze, *Slow rCorr Int+3 Dex+2}
   (You took it off a goblin on level 4 of the Dungeon)

   Any ammunition fired from it freezes those it strikes, dealing additional
   cold damage.
   It can also slow down cold-blooded creatures.
   Int:       It affects your intelligence (+3).
   Dex:       It affects your dexterity (+2).
   rCorr:     It protects you from acid and corrosion.
   *Slow:     It may slow you when you take damage.
 H - a +5 great sword (weapon)
 M - a +4 scimitar of flaming
Missiles
 b - 2 atropa-tipped darts
 l - 61 poisoned darts
 q - 14 boomerangs (quivered)
 u - 3 curare-tipped darts
 J - 2 throwing nets
Armour
 a - a +1 pair of gloves (worn)
 s - a +2 cloak (worn)
 G - a scarf of repulsion
 L - +0 acid dragon scales
 O - an orb of wrath
 R - the +4 plate armour "Oji Fuepneu" (worn) {rF++}
   (You bought it in a shop on level 1 of the Dungeon)

   rF:        It greatly protects you from fire.
 S - a +2 chain mail of positive energy
Jewellery
 i - a ring of resist corrosion
 F - a ring of positive energy (left hand)
 K - the ring of Wonder (right hand) {rElec Int+4 SInv Stlth+}
   (You found it on level 9 of the Dungeon)

   [ring of see invisible]

   Int:       It affects your intelligence (+4).
   rElec:     It insulates you from electricity.
   SInv:      It lets you see invisible.
   Stlth:     It makes you more stealthy.
Wands
 D - a wand of polymorph (8)
 N - a wand of iceblast (3)
Scrolls
 c - a scroll of blinking
 g - 4 scrolls of silence
 k - 3 scrolls of torment
 m - a scroll of fog {unknown}
 o - 2 scrolls of vulnerability
 x - a scroll of identify
 y - 2 scrolls of immolation
 z - 4 scrolls of magic mapping
 A - a scroll of fear {unknown}
 B - 2 scrolls of enchant armour
 I - a scroll of amnesia
 P - a scroll of summoning {unknown}
Potions
 d - 2 potions of lignification
 f - 2 potions of mutation
 h - 2 potions of cancellation
 j - 4 potions of haste
 p - 4 potions of curing
 t - 3 potions of flight
 v - a potion of invisibility
 w - a potion of brilliance
 E - a potion of resistance
 Q - a potion of might


   Skills:
 * Level 16.6 Fighting
 + Level 12.8 Long Blades
 + Level 5.5 Axes
 + Level 6.7 Ranged Weapons
 + Level 1.0 Throwing
 + Level 13.2 Armour
 + Level 3.8 Dodging
 + Level 1.4 Stealth
 + Level 5.5 Shields
 + Level 2.1 Invocations


You had 11 spell levels left.
You didn't know any spells.
Your spell library contained the following spells:

 Spells                   Type           Power      Damage    Failure   Level
 Magic Dart               Conj           0%         1d3       97%         1
 Searing Ray              Conj           0%         2d4       99%         2
 Conjure Flame            Conj/Fire      0%         6-21      100%        3
 Frozen Ramparts          Ice            0%         1d1       100%        3
 Ignite Poison            Fire/Tmut/Pois 0%         N/A       100%        3
 Inner Flame              Hex/Fire       0%         N/A       100%        3
 Ozocubu's Armour         Ice            0%         N/A       100%        3
 Cause Fear               Hex            0%         N/A       100%        4
 Fulminant Prism          Conj/Hex       0%         3d6       100%        4
 Ice Form                 Ice/Tmut       0%         N/A       100%        4
 Passage of Golubria      Tloc           0%         N/A       100%        4
 Sticky Flame             Conj/Fire      0%         2d3       100%        4
 Metabolic Englaciation   Hex/Ice        0%         N/A       100%        5
 Silence                  Hex/Air        0%         N/A       100%        5
 Discord                  Hex            0%         N/A       100%        8
 Lehudib's Crystal Spear  Conj/Erth      0%         10d2      100%        8
 Animate Dead             Necr           Unusable   N/A       N/A         4
 Summon Ice Beast         Ice/Summ       Unusable   N/A       N/A         4
 Simulacrum               Ice/Necr       Unusable   N/A       N/A         6
 Haunt                    Necr/Summ      Unusable   N/A       N/A         7
 Infestation              Necr           Unusable   N/A       N/A         8

Dungeon Overview and Level Annotations

Branches:
Dungeon (11/15)            Temple (0/1) D:4            Lair (0/5) D:10
    Orc (2/2) D:11            Elf (0/3) Orc:2         Sewer (visited)

Altars:
Hepliaklqana
Okawaru
Ru
Uskayaw
The Shining One

Shops:
D:1 *?   D:2 :   D:9 :   Orc:2 ?:

Portals:
Abyss: D:4
Trove: D:10 (give 4 potions of resistance)

Annotations:
D:4 2 transporters, CertainDeath's ghost, amateur TrTm
D:5 1 transporter, benadryl's ghost, amateur MeEE
D:9 4 runed translucent doors


Innate Abilities, Weirdness & Mutations

You have a pair of horns on your head.
You reflexively headbutt those who attack you in melee.
You have sharp toenails.
You are partially covered in iridescent scales. (AC +2)
You possess an exceptional clarity of mind.
You are robust. (+10% HP)
You passively dampen the noise of your surroundings.


Message History

Aim: an orc knight, wielding a +0 great sword and wearing a +0 plate armour The mass of ice explodes!
The iceblast engulfs the orc knight.
The orc knight is lightly wounded.
The iceblast engulfs the orc warrior!
The orc warrior is moderately wounded.
You hear a shout!
An orc knight comes into view. It is wielding a +3 great sword.
You hear a shout! x2
Unknown command.
You are too injured to fight recklessly!
You are too injured to fight recklessly!
Unknown command.
The orc knight hits you but does no damage.
The orc warrior barely misses you.
You slice the orc knight!! Your kick misses the orc knight.
The orc knight is heavily wounded.
The orc knight roars a battlecry!
The orcs go into a battle-frenzy!
The orc warrior closely misses you.
The orc knight attacks as you move away!
The orc knight hits you with a +0 great sword!
You closely miss the orc knight.
You claw the orc knight, but do no damage.
You headbutt the orc knight, but do no damage.
The orc knight is heavily wounded.
The orc warrior hits you from afar with a +0 glaive!!
* * * LOW HITPOINT WARNING * * *
The orc knight hits you but does no damage.
The orc warrior hits you from afar with a +0 glaive.
* * * LOW HITPOINT WARNING * * *
The orc knight hits you with a +0 great sword!
* * * LOW HITPOINT WARNING * * *
As you read the scroll of teleportation, it crumbles to dust.
You feel strangely unstable.
The orc knight hits you with a +0 great sword.
* * * LOW HITPOINT WARNING * * *
The orc knight roars a battlecry!
The orc knight goes into a battle-frenzy!
The orc warrior hits you from afar with a +0 glaive!!
You die...

#oo....# ##o...##
#....# ## ### ##..##
.. ..###....#####.#
...#......#.##.###
.................##
#....#......##....#
........)....###@##
#....o..).....##o##
###....(......ooo.##
##........>.o.o#.#.##
###.#o.(....#...#)).#
.###.#.#.....#.....##
##...).......#..)..#
............o...#.##
##...........(.#...#


You could see 2 orc knights, an orc warrior (strong) and an orc (strong).

Vanquished Creatures
  A vault guard (D:10)
  A hydra (D:11)
  A tengu warrior (D:9)
  Pikel (D:7)
  2 orc knights (Orc:1)
  3 orc sorcerers
  A manticore (D:10)
  3 cyclopes
  A slime creature (D:5)
  A komodo dragon (D:10)
  An efreet (D:9)
  3 trolls (Orc:2)
  A hornet (D:7)
  A shadow (D:10)
  A wraith (D:9)
  9 yaks
  2 wyverns
  4 vampire mosquitoes (D:9)
  A steam dragon (D:9)
  4 wargs
  3 acid dragons
  2 water moccasins
  2 ice beasts (D:6)
  2 sky beasts
  27 orc warriors
  2 black bears
  5 ogres
  6 centaurs
  A phantom (D:7)
  4 lemures (D:7)
  7 bullfrogs
  11 kobold brigands
  Blork the orc (D:6)
  2 scorpions
  6 wights
  7 killer bees
  6 howler monkeys
  9 jellies
  3 hounds (D:7)
  2 gnoll boudas
  21 orc priests
  20 orc wizards
  15 gnolls
  15 adders
  5 river rats
  2 ufetubi
  A worm (D:2)
  4 dart slugs
  90 orcs
  19 ball pythons
  8 bats
  11 endoplasms
  3 giant cockroaches
  15 goblins
  2 hobgoblins (D:3)
  6 jackals
  8 quokkas
  4 frilled lizards
  35 kobolds
  31 rats
465 creatures vanquished.

Vanquished Creatures (others)
  2 orc wizards (D:7)
  14 fungi
  3 plants (D:10)
  6 toadstools (D:5)
25 creatures vanquished.

Grand Total: 490 creatures vanquished

Notes
Turn   | Place    | Note
-------+----------+-------------------------------------------
     0 | D:1      | Icepheonix32 the Minotaur Fighter began the quest for the
                  | Orb.
     0 | D:1      | Reached XP level 1. HP: 19/19 MP: 0/0
   171 | D:1      | Reached XP level 2. HP: 27/27 MP: 1/1
   280 | D:1      | Found Vesmuih's Magic Scroll Shop.
   306 | D:1      | Bought a scroll of identify for 24 gold pieces
   306 | D:1      | Bought a scroll of identify for 24 gold pieces
   306 | D:1      | Bought a scroll of noise for 12 gold pieces
   759 | D:1      | Found Zychef's General Store.
   989 | D:2      | Reached skill level 4 in Fighting
  1127 | D:2      | Reached XP level 3. HP: 30/33 MP: 2/2
  1170 | D:2      | Reached XP level 4. HP: 14/40 MP: 3/3
  1407 | D:2      | Found Tearir's Book Shop.
  2270 | D:3      | Reached XP level 5. HP: 13/47 MP: 4/4
  2331 | D:3      | Found a glowing drain.
  2340 | Sewer    | Entered a sewer
  2585 | Sewer    | Gained mutation: You have hidden genetic potential. [potion
                  | of mutation]
  2585 | Sewer    | Gained mutation: You have sharp toenails. [potion of
                  | mutation]
  2585 | Sewer    | Gained mutation: You possess an exceptional clarity of
                  | mind. [potion of mutation]
  2585 | Sewer    | Gained mutation: You are partially covered in iridescent
                  | scales. (AC +2) [potion of mutation]
  2698 | Sewer    | Reached skill level 1 in Dodging
  2702 | Sewer    | Reached skill level 5 in Armour
  2718 | Sewer    | Reached skill level 5 in Fighting
  2904 | Sewer    | Reached XP level 6. HP: 50/56 MP: 5/5
  3058 | Sewer    | Reached skill level 5 in Long Blades
  3068 | Sewer    | Gained mutation: You are robust. (+10% HP) [hidden
                  | potential]
  3958 | D:4      | Found an iron altar of Okawaru.
  4056 | D:4      | Reached XP level 7. HP: 68/68 MP: 6/6
  4161 | D:4      | Found a transporter.
  4197 | D:4      | Reached skill level 6 in Fighting
  4217 | D:4      | Gained mutation: You passively dampen the noise of your
                  | surroundings. [hidden potential]
  4217 | D:4      | Lost mutation: You have hidden genetic potential. [hidden
                  | potential expressed]
  4438 | D:4      | Found a one-way gate to the infinite horrors of the Abyss.
  4438 | D:4      | Noticed CertainDeath's ghost (amateur TrTm)
  4438 | D:4      | Noticed a small abomination
  4738 | D:4      | Identified the +10 sling "Giantbane" {freeze, *Slow rCorr
                  | Int+3 Dex+2}
  4835 | D:4      | Became a worshipper of Warmaster Okawaru
  4923 | D:4      | Found a transporter.
  5037 | D:4      | Found a staircase to the Ecumenical Temple.
  5256 | D:5      | Entered Level 5 of the Dungeon
  5257 | D:5      | Noticed a yak
  5257 | D:5      | Noticed a yak
  5257 | D:5      | Noticed a yak
  5259 | D:5      | Noticed a yak
  5260 | D:5      | Noticed a yak
  5268 | D:4      | Killed a yak
  5268 | D:4      | Killed a yak
  5268 | D:4      | Reached * piety under Okawaru
  5269 | D:4      | Reached skill level 7 in Fighting
  5269 | D:4      | Reached skill level 1 in Ranged Weapons
  5269 | D:4      | Reached XP level 8. HP: 67/80 MP: 7/7
  5337 | D:4      | Reached skill level 1 in Axes
  5557 | D:5      | Found a transporter.
  5561 | D:5      | Noticed benadryl's ghost (amateur MeEE)
  5603 | D:5      | Reached skill level 8 in Fighting
  5609 | D:5      | Reached ** piety under Okawaru
  5611 | D:5      | Reached skill level 5 in Shields
  5897 | D:5      | Noticed a slime creature
  5897 | D:5      | Noticed a slime creature
  5906 | D:5      | Reached XP level 9. HP: 85/90 MP: 8/8
  5921 | D:5      | Killed a large slime creature
  5930 | D:5      | HP: 3/90 [frozen (5)]
  6403 | D:5      | Reached skill level 5 in Axes
  6769 | D:5      | Found a faded altar of an unknown god.
  6772 | D:5      | Found a faded altar of an unknown god.
  6772 | D:5      | Found a hazy altar of Hepliaklqana.
  6774 | D:5      | Found a faded altar of an unknown god.
  6898 | D:6      | Found a hide-covered altar of Uskayaw.
  6923 | D:6      | Reached *** piety under Okawaru
  6924 | D:6      | Reached skill level 9 in Fighting
  7302 | D:6      | Noticed Blork the orc
  7307 | D:6      | Killed Blork the orc
  7360 | D:6      | Reached skill level 5 in Ranged Weapons
  8412 | D:7      | Noticed Pikel
  8417 | D:7      | Reached XP level 10. HP: 96/100 MP: 7/9
  8448 | D:7      | Killed Pikel
  8449 | D:7      | Reached skill level 10 in Armour
  8826 | D:7      | Reached **** piety under Okawaru
  9256 | D:7      | Reached skill level 10 in Fighting
  9315 | D:7      | Reached skill level 14 in Fighting
  9315 | D:7      | Reached XP level 11. HP: 122/122 MP: 10/10
  9474 | D:8      | Received a gift from Okawaru
 10082 | D:8      | Reached skill level 15 in Fighting
 10364 | D:9      | Identified the ring of Wonder {rElec Int+4 SInv Stlth+}
 10567 | D:9      | Found a glowing golden altar of the Shining One.
 10699 | D:9      | Found Fagygiat's Tremendous Tomes.
 10793 | D:9      | Found a large runed translucent door.
 10793 | D:9      | Found a large runed translucent door.
 10806 | D:9      | Noticed a tengu warrior
 10816 | D:9      | Reached skill level 1 in Invocations
 10822 | D:9      | Killed a tengu warrior
 10826 | D:9      | HP: 4/123 [orc warrior/+0 broad axe (5)]
 10834 | D:9      | Noticed a red ugly thing
 10842 | D:9      | Found a large runed translucent door.
 10842 | D:9      | Found a large runed translucent door.
 11544 | D:9      | Found a sacrificial altar of Ru.
 11990 | D:9      | Reached skill level 1 in Stealth
 12433 | D:10     | Entered Level 10 of the Dungeon
 12599 | D:10     | Reached XP level 12. HP: 83/133 MP: 12/12
 12832 | D:10     | Found a staircase to the Lair.
 13084 | D:10     | Reached ***** piety under Okawaru
 13085 | D:10     | Reached skill level 10 in Long Blades
 13450 | D:10     | Noticed a vault guard
 13461 | D:10     | Killed a vault guard
 13468 | D:10     | Found a portal to a secret trove of treasure.
 13581 | D:11     | Noticed a six-headed hydra
 13592 | D:11     | Killed a two-headed hydra
 13701 | D:11     | Found a staircase to the Orcish Mines.
 14046 | Orc:1    | Entered Level 1 of the Orcish Mines
 14064 | Orc:1    | Paralysed by an orc sorcerer for 5 turns
 14266 | Orc:2    | Entered Level 2 of the Orcish Mines
 14437 | Orc:2    | Found Giloly's Book Shop.
 14713 | D:1      | Bought the +4 plate armour "Oji Fuepneu" {rF++} for 945
                  | gold pieces
 14980 | Orc:2    | Found a staircase to the Elven Halls.
 15057 | Orc:2    | Reached skill level 16 in Fighting
 15120 | Orc:2    | Received a gift from Okawaru
 15180 | Orc:2    | Found Eneotone's Magic Scroll Boutique.
 17040 | Orc:1    | Reached skill level 1 in Throwing
 17058 | Orc:1    | Slain by an orc warrior

Illustrated notes

Levels and vault maps discovered:
D:1:      sevenhm_arrival_forest_fort_small_5, layout_loops_ring, serial_shops,
          shop_statue, shop
D:2:      minmay_recursive_quarters, layout_basic, serial_shops, shop,
          minmay_pentomino_x4
D:3:      minmay_wonky_spiral, layout_rooms, portal_sewer_entry_b,
          serial_bayou_pond_a, skrybe_limestone_x
D:4:      layout_loops_ring, marbit_many_paths, minmay_temple_entry_sparse_star,
          gammafunk_ghost_abyssal_escape, minmay_pentomino_pile
D:5:      cheibrodos_fertilizer, layout_cave_pools,
          nicolae_hepliaklqana_ecumenical_no_more, gammafunk_ghost_mausoleum,
          kennysheep_generic_room_10
D:6:      layout_basic, mainiacjoe_overflow_six_doors_small,
          serial_co_window_serial, co_window_cross_1, co_window_paths_a,
          co_window_paths_b, co_window_cross_1, co_window_corner_a,
          co_window_paths_a, co_window_broadway_b, co_window_2corner,
          co_window_corner_b, co_window_paths_c, co_window_paths_d,
          co_window_4corner_b, glass_columns_a, glass_columns_a,
          glass_columns_a, glass_columns_c, glass_columns_a,
          minmay_manual_mares, uniq_blork_the_orc
D:7:      layout_loops_corners, minmay_chambers_of_fives, uniq_pikel
D:8:      layout_basic
D:9:      layout_roguey, lemuel_doored_altar, nicolae_ru_the_path_less_chosen,
          minmay_misc_feat_secret_circle, nicolae_shop_i_like_big_books,
          minmay_misc_feat_rows, minmay_hollow_rounded_squares
D:10:     layout_roguey, grunt_lair_entry_orc_guard_hut, enter_trove_5
D:11:     layout_basic, david_orc_5, serial_shops, kennysheep_mini_moat
Orc:1:    layout_caves, special_room [special_room_orc]
Orc:2:    pf_orc_diabolical, layout_diamond_mine, serial_shops,
          nicolae_shop_stone, nicolae_lakefront_shop

Skill      XL: |  1  2  3  4  5  6  7  8  9 10 11 12 |
---------------+-------------------------------------+-----
Long Blades    | 3 4 5 6 7 9 12 | 12.8
Fighting       | 4 5 7 8 9 14 15 16 | 16.6
Shields        | 4 5 |  5.5
Armour         | 4 5 6 8 9 11 13 | 13.2
Dodging        | 1 2 3 |  3.8
Ranged Weapons | 1 2 5 6 |  6.7
Axes           | 3 5 |  5.5
Invocations    | 1 2 |  2.1
Stealth        | 1 |  1.4
Throwing       | 1 |  1.0

Action                   |  1- 3 |  4- 6 |  7- 9 | 10-12 || total
-------------------------+-------+-------+-------+-------++-------
Melee: Long sword        |   100 |   229 |   110 |   130 ||   569
       Headbutt          |    15 |    23 |    42 |   111 ||   191
       Kick              |       |    38 |    53 |   166 ||   257
       Hand axe          |       |       |    64 |       ||    64
       Great sword       |       |       |       |   430 ||   430
       Scimitar          |       |       |       |     4 ||     4
 Fire: Sling             |       |       |    93 |    69 ||   162
Throw: Boomerang         |       |       |     4 |     7 ||    11
       Javelin           |       |       |       |     3 ||     3
       Dart              |       |       |       |     2 ||     2
Invok: Heroism           |       |       |     3 |     6 ||     9
       Finesse           |       |       |       |     2 ||     2
Evoke: Wand              |       |       |       |     1 ||     1
  Use: Scroll            |       |    11 |     6 |     7 ||    24
       Potion            |       |     7 |     3 |     7 ||    17
Armor: Scale mail        |    64 |   159 |    97 |       ||   320
       Chain mail        |       |       |    32 |   281 ||   313
       Plate armour      |       |       |       |   175 ||   175
Dodge: Dodged            |    63 |   148 |   115 |   327 ||   653
Block: Buckler           |    19 |    58 |    53 |    22 ||   152
